cohdb
Replays
Latest Replays
All Replays
Popular Replays
Top Player Replays
Match Explorer
How It Works
Community
CoH3 Stats
Reddit
Sign in to upload your games and track your stats! →
Sign in with Steam
Match 42783687
Unlisted
Match 42783687
Overview
Messages
Build Orders
End
Engineer Squad
Engineer Squad
Selects Armored Battlegroup
Selects Assault Engineers
Construct Weapon Support Center
M1919 Machine Gun Team
Bazooka Squad
.30 cal Machine Gun
Infantry Support Center
M3 Armored Personnel Carrier
Selects Fast Deploy
Construct Medical Station
M1919 Machine Gun Team
M3 Armored Personnel Carrier
Mortar Pit
Sniper
M3 Armored Personnel Carrier
Selects M8 Scott SPG
M8 Scott SPG
Mortar Pit
M8 Scott SPG
Construct Tank Depot
M3 Armored Personnel Carrier
M1919 Machine Gun Team
.30 cal Machine Gun
Selects M4A3E8 Sherman Combat Group
M4A3E8 Sherman Combat Group
Selects M31 Recovery Vehicle
Sniper
Mortar Pit
.30 cal Machine Gun
HulkSMASH
⚓️Ruby⚓
*Mule
FeriG
0
0
Comments
sign in to comment!
No comments posted yet!